[Event "ICC tourney 2036 (15 5)"]
[Site "Internet Chess Club"]
[Date "2020.10.03"]
[Round "3"]
[White "soumyatejachess"]
[Black "yesiwillbeatyou"]
[Result "0-1"]
[ICCResult "White checkmated"]
[WhiteElo "1331"]
[BlackElo "1563"]
[Opening "Sicilian defense"]
[ECO "B30"]
[NIC "SI.31"]
[Time "14:06:05"]
[TimeControl "900+5"]

1. e4 c5 2. Nf3 Nc6 3. Nc3 Nf6 4. e5 Ng4 5. h3 Ngxe5 6. Nxe5 Nxe5 7. Qe2 d6
8. d3 Nc6 9. Bd2 e6 10. O-O-O Be7 11. g3 O-O 12. Bg2 Qd7 13. Qg4 h6 14. Bxh6
Bf6 15. Bg5 Qe7 16. Bxf6 Qxf6 17. Ne4 Qh6+ 18. Kb1 f5 19. Qf3 fxe4 20. Qxe4
Bd7 21. g4 d5 22. Qa4 Rxf2 23. Rhg1 Rf4 24. Qb3 Na5 25. Qc3 b6 26. Qb3 Nxb3
27. cxb3 b5 28. Bf1 c4 29. dxc4 bxc4 30. bxc4 Qg6+ 31. Ka1 Qg5 32. cxd5 exd5
33. Be2 Rb8 34. Rh1 Qf6 35. Rb1 Rfb4 36. a3 Rxb2 37. Bd3 Rd2+ 38. Rb2 Qxb2#
{White checkmated}
0-1

[Event "ICC tourney 2036 (15 5)"]
[Site "Internet Chess Club"]
[Date "2020.10.03"]
[Round "3"]
[White "NashtheFlash"]
[Black "RyanD"]
[Result "1-0"]
[ICCResult "Black checkmated"]
[WhiteElo "1279"]
[BlackElo "1199"]
[Opening "Giuoco Piano"]
[ECO "C50"]
[NIC "IG.02"]
[Time "14:05:44"]
[TimeControl "900+5"]

1. e4 e5 2. Nf3 Bc5 3. Bc4 Nc6 4. O-O Nf6 5. Ng5 O-O 6. Nc3 h6 7. Nf3 d6 8.
d3 Bg4 9. h3 Bc8 10. Be3 Bxe3 11. fxe3 Nh5 12. d4 exd4 13. exd4 Ng3 14. Qe1
Nxf1 15. Qxf1 Na5 16. Bb5 a6 17. Ba4 b5 18. Bb3 Nxb3 19. axb3 Bb7 20. e5
dxe5 21. Nxe5 Qg5 22. Nd7 Rfd8 23. Ne5 Qe3+ 24. Kh1 Rf8 25. Nd7 Rfd8 26. Ne5
Rf8 27. Nd7 Rfe8 28. Ne5 Re7 29. Nd5 Bxd5 30. Ng4 Qxd4 31. c3 Qd2 32. Rd1
Qxb2 33. Rxd5 Qxb3 34. Qf3 a5 35. Rc5 Qb1+ 36. Kh2 a4 37. Qxa8+ Kh7 38. Qe4+
Kg8 39. Qxb1 a3 40. Rxb5 a2 41. Rb8+ Re8 42. Rxe8# {Black checkmated} 1-0

[Event "ICC tourney 2036 (15 5)"]
[Site "Internet Chess Club"]
[Date "2020.10.03"]
[Round "3"]
[White "EmraldOlympian"]
[Black "agastyap"]
[Result "1-0"]
[ICCResult "Black resigns"]
[WhiteElo "1496"]
[BlackElo "1343"]
[Opening "Giuoco Pianissimo"]
[ECO "C50"]
[NIC "IG.02"]
[Time "14:06:00"]
[TimeControl "900+5"]

1. e4 e5 2. Nf3 Nc6 3. Bc4 Bc5 4. d3 Nf6 5. Ng5 O-O 6. Nxf7 Rxf7 7. Bxf7+
Kxf7 8. h3 Kg8 9. O-O d6 10. Be3 Bxe3 11. fxe3 Be6 12. c4 Qd7 13. Qf3 Rf8
14. Qg3 Qe7 15. Nc3 Nh5 16. Rxf8+ Qxf8 17. Qf2 Qxf2+ 18. Kxf2 Bf7 19. Kg1
Nf6 20. Rf1 h6 21. Nd5 Nxd5 22. exd5 Ne7 23. b4 Bg6 24. d4 exd4 25. exd4 Bd3
26. Rc1 Nf5 27. Rc3 Bb1 28. a4 Nxd4 29. Re3 Nf5 30. Rf3 Nd4 31. Rf1 Bd3 32.
Rd1 Ne2+ 33. Kf2 Bxc4 34. g4 Nc3 35. Rc1 Ne4+ 36. Ke3 Bxd5 37. Rxc7 Nc3 38.
Rxc3 Bc6 39. b5 Be8 40. Rc8 Kf8 41. Kd4 Ke7 42. Rc7+ Kd8 43. Rxg7 a6 44.
bxa6 bxa6 45. Kd5 Bc6+ 46. Kxc6 {Black resigns} 1-0

[Event "ICC tourney 2036 (15 5)"]
[Site "Internet Chess Club"]
[Date "2020.10.03"]
[Round "3"]
[White "dany-rivera"]
[Black "ArushB"]
[Result "0-1"]
[ICCResult "White checkmated"]
[WhiteElo "1359"]
[BlackElo "1424"]
[Opening "King's pawn game"]
[ECO "C50"]
[NIC "IG.03"]
[Time "14:05:48"]
[TimeControl "900+5"]

1. e4 e5 2. Nf3 Nc6 3. Bc4 d6 4. O-O Bg4 5. h3 Bxf3 6. Qxf3 Qd7 7. Re1 Nf6
8. Nc3 O-O-O 9. Qd3 g6 10. Ba6 Re8 11. Qb5 bxa6 12. Qa5 Nxa5 13. b3 Nc6 14.
Na4 Nd4 15. c3 Qe7 16. cxd4 exd4 17. d3 Nd5 18. Bd2 Nb6 19. Nxb6+ axb6 20.
a4 c5 21. Rac1 Bg7 22. b4 Kb7 23. b5 a5 24. f3 Rc8 25. g3 Qd7 26. h4 Rce8
27. Bg5 f5 28. Rc2 fxe4 29. fxe4 Be5 30. Kg2 h6 31. Bd2 Ref8 32. Rcc1 Rf7
33. Rf1 Rhf8 34. Rxf7 Rxf7 35. Rf1 Rxf1 36. Kxf1 Qg4 37. Be1 Qf3+ 38. Kg1
Qxd3 39. Kg2 g5 40. h5 g4 41. Bf2 Kc7 42. Be1 Kd7 43. Bf2 Ke6 44. Be1 Qxe4+
45. Kh2 Kf5 46. Bf2 Qd3 47. Be1 Ke4 48. Bf2 Kf3 49. Be1 Qf1 50. Bf2 Qg2#
{White checkmated}
0-1

[Event "ICC tourney 2036 (15 5)"]
[Site "Internet Chess Club"]
[Date "2020.10.03"]
[Round "3"]
[White "hollydood"]
[Black "smalugu"]
[Result "0-1"]
[ICCResult "White resigns"]
[WhiteElo "1472"]
[BlackElo "1585"]
[Opening "Giuoco Piano"]
[ECO "C50"]
[NIC "IG.02"]
[Time "14:05:46"]
[TimeControl "900+5"]

1. e4 e5 2. Bc4 Nc6 3. Nf3 Bc5 4. O-O Nf6 5. d3 h6 6. Nc3 O-O 7. Re1 d6 8.
Be3 Bb4 9. Qd2 Bg4 10. a3 Bxc3 11. Qxc3 Bxf3 12. gxf3 Qd7 13. Kh1 Qh3 14.
Rg1 Qxf3+ 15. Rg2 Ng4 16. Qe1 Ne7 17. Qg1 Ng6 18. h3 Nxe3 19. fxe3 Nh4 20.
Qf2 Qxg2+ 21. Qxg2 Nxg2 22. Kxg2 Rad8 23. d4 exd4 24. exd4 Rfe8 25. Re1 Re7
26. c3 Rde8 27. Bd3 d5 28. e5 f6 29. Kh2 fxe5 30. dxe5 Rxe5 31. Rf1 Re3 32.
Bg6 Rf8 33. Bh7+ Kxh7 34. Rxf8 Re2+ 35. Kg1 Rxb2 36. Rf7 c6 37. Re7 c5 38.
Re5 Rd2 39. Re7 d4 40. cxd4 cxd4 41. Rxb7 d3 42. Rxa7 Rc2 43. Kf1 Kg6 44.
Rd7 Kf5 45. Rxd3 g5 46. Ke1 g4 47. hxg4+ Kxg4 48. Rd2 Rxd2 49. Kxd2 h5 50.
a4 h4 51. a5 h3 52. a6 h2 53. a7 h1=Q {White resigns} 0-1

[Event "ICC tourney 2036 (15 5)"]
[Site "Internet Chess Club"]
[Date "2020.10.03"]
[Round "3"]
[White "FGMAmaniRapid"]
[Black "Deng20"]
[Result "0-1"]
[ICCResult "White checkmated"]
[WhiteElo "156"]
[BlackElo "1344"]
[Opening "Giuoco Piano"]
[ECO "C50"]
[NIC "IG.02"]
[Time "14:05:32"]
[TimeControl "900+5"]

1. e4 e5 2. Nf3 Nc6 3. Bc4 Bc5 4. Nxe5 Nxe5 5. d4 Bd6 6. dxe5 Bxe5 7. Qh5
Qf6 8. Bg5 Qg6 9. Qf3 Nf6 10. Be3 Bxb2 11. Bd3 Bxa1 12. e5 Qg4 13. exf6 Qxf3
14. gxf3 Bxf6 15. Bf4 d6 16. O-O Bh3 17. Re1+ Kf8 18. Nd2 h6 19. Ne4 Re8 20.
Re3 d5 21. Nxf6 gxf6 22. Bxc7 Rg8+ 23. Kh1 Rc8 24. Bd6+ Kg7 25. Re1 Kh8 26.
Bf4 Bg2+ 27. Kg1 Bxf3+ 28. Kf1 h5 29. Re3 Bg4 30. Rg3 Rc6 31. h3 Be6 32. Rf3
Rb6 33. Bh6 Rb1+ 34. Ke2 Rgg1 35. Rxf6 Rge1+ 36. Kf3 Rg1 37. Rf4 Rbe1 38.
Rb4 b6 39. a4 Bxh3 40. Rf4 Bg4+ 41. Rxg4 hxg4+ 42. Kf4 Rd1 43. Ke5 Ra1 44.
Kxd5 Rxa4 45. Bb5 Ra5 46. Kc4 a6 47. Bd7 b5+ 48. Kb4 Ra4+ 49. Kc3 Rc4+ 50.
Kb3 Rb1+ 51. Ka2 Rbb4 52. Bg5 Rxc2+ 53. Ka1 Rcb2 54. Bf6+ Kh7 55. Bxb2 a5
56. Bf5+ Kg8 57. Bc3 Ra4+ 58. Kb2 b4 59. Kb3 Ra3+ 60. Kb2 Rxc3 61. Bxg4 a4
62. Kb1 a3 63. Ka2 Rc2+ 64. Kb3 Rb2+ 65. Ka4 a2 66. Bf5 a1=Q+ 67. Kb5 Qf1+
68. Ka5 Qc4 69. Kb6 Ra2 70. Bb1 Ra6+ 71. Kb7 Qc6+ 72. Kb8 Rb6+ 73. Ka7 Qb7#
{White checkmated}
0-1

[Event "ICC tourney 2036 (15 5)"]
[Site "Internet Chess Club"]
[Date "2020.10.03"]
[Round "4"]
[White "Cutecaptain"]
[Black "NashtheFlash"]
[Result "1-0"]
[ICCResult "Black checkmated"]
[WhiteElo "1308"]
[BlackElo "1231"]
[Opening "Four knights: double Ruy Lopez"]
[ECO "C49"]
[NIC "KP.03"]
[Time "15:10:17"]
[TimeControl "900+5"]

1. e4 e5 2. Nf3 Nf6 3. Nc3 Nc6 4. Bb5 Bb4 5. a3 Ba5 6. O-O O-O 7. d3 d6 8.
Bg5 Bg4 9. h3 Bh5 10. Nd5 Nxd5 11. Bxd8 Raxd8 12. exd5 Nd4 13. Nxd4 exd4 14.
Qxh5 Rfe8 15. b4 Bb6 16. Rfe1 Rxe1+ 17. Rxe1 g6 18. Qh6 Rd7 19. Re8#
{Black checkmated}
1-0

[Event "ICC tourney 2036 (15 5)"]
[Site "Internet Chess Club"]
[Date "2020.10.03"]
[Round "4"]
[White "buddyram"]
[Black "hollydood"]
[Result "0-1"]
[ICCResult "White checkmated"]
[WhiteElo "1332"]
[BlackElo "1501"]
[Opening "Caro-Kann: advance variation"]
[ECO "B12"]
[NIC "CK.04"]
[Time "15:07:13"]
[TimeControl "900+5"]

1. e4 c6 2. d4 d5 3. e5 Bf5 4. Nc3 e6 5. Bf4 Bb4 6. Ne2 Bxc3+ 7. Nxc3 Ne7 8.
Bd3 Ng6 9. Bxf5 Nxf4 10. Bd3 Nxg2+ 11. Kf1 Nf4 12. Rg1 O-O 13. Qg4 Ng6 14.
h4 f5 15. Qg3 Rf7 16. h5 Ne7 17. h6 g6 18. f4 Qb6 19. Ne2 Qxb2 20. Re1 Nd7
21. a4 b5 22. a5 a6 23. Qh3 c5 24. dxc5 Nxc5 25. Qh5 Nxd3 26. cxd3 Qa3 27.
Nd4 Qxd3+ 28. Ne2 b4 29. Kf2 b3 30. Rd1 Qb5 31. Rb1 Rb8 32. Nc3 Qxa5 33. Ra1
Qxc3 34. Rxa6 b2 35. Rxe6 b1=Q 36. Rxb1 Rxb1 37. Qg5 Rb2+ 38. Kf1 Qc1#
{White checkmated}
0-1

[Event "ICC tourney 2036 (15 5)"]
[Site "Internet Chess Club"]
[Date "2020.10.03"]
[Round "4"]
[White "bunnygambit2"]
[Black "dany-rivera"]
[Result "0-1"]
[ICCResult "White checkmated"]
[WhiteElo "967"]
[BlackElo "1357"]
[Opening "Queen's gambit accepted"]
[ECO "D20"]
[NIC "QG.03"]
[Time "15:07:16"]
[TimeControl "900+5"]

1. d4 d5 2. c4 dxc4 3. e3 Nf6 4. Bxc4 Bf5 5. Nf3 e6 6. O-O Bd6 7. Nc3 O-O 8.
e4 Bxe4 9. Nxe4 Nxe4 10. Re1 Nf6 11. Bg5 h6 12. Bh4 Re8 13. Qc2 Nc6 14. Rad1
Nb4 15. Qd2 Nc6 16. d5 Bb4 17. Qc2 Bxe1 18. Nxe1 Ne5 19. dxe6 Qe7 20. exf7+
Kf8 21. Bxf6 Qxf6 22. Qh7 Ke7 23. Rd5 Nxc4 24. Nd3 Kxf7 25. Rd7+ Ke6 26.
Rxc7 Kd6 27. Rxg7 Qxb2 28. Nxb2 Re1# {White checkmated} 0-1

[Event "ICC tourney 2036 (15 5)"]
[Site "Internet Chess Club"]
[Date "2020.10.03"]
[Round "4"]
[White "JoshuaGold"]
[Black "soumyatejachess"]
[Result "0-1"]
[ICCResult "White checkmated"]
[WhiteElo "1259"]
[BlackElo "1395"]
[Opening "Sicilian defense"]
[ECO "B30"]
[NIC "SI.31"]
[Time "15:07:16"]
[TimeControl "900+5"]

1. e4 c5 2. Nf3 Nc6 3. Bc4 Nf6 4. d3 e6 5. O-O Be7 6. Nc3 b6 7. Bf4 O-O 8.
Ng5 h6 9. Nf3 Nd4 10. Nxd4 cxd4 11. Ne2 Bc5 12. Ng3 Re8 13. Qf3 e5 14. Bd2
d6 15. Bb5 Bg4 16. Qxg4 Nxg4 17. Bxe8 Qxe8 18. f3 Nf6 19. Nf5 Qb5 20. Ne7+
Kf8 21. Nf5 Qxb2 22. Rac1 Qxa2 23. c3 Qxd2 24. cxd4 Bxd4+ 25. Nxd4 exd4 26.
Rfd1 Qe3+ 27. Kh1 Nd7 28. Re1 Qxd3 29. Red1 Qb5 30. Rb1 Qa6 31. Rxd4 Qa2 32.
Rdd1 Qe6 33. Rbc1 Nc5 34. Rc2 Qb3 35. Rdd2 Qb1+ 36. Rd1 Qxd1# {White
checkmated} 0-1

[Event "ICC tourney 2036 (15 5)"]
[Site "Internet Chess Club"]
[Date "2020.10.03"]
[Round "4"]
[White "spaceship314"]
[Black "RyanD"]
[Result "1-0"]
[ICCResult "Black checkmated"]
[WhiteElo "1172"]
[BlackElo "1129"]
[Opening "Giuoco Piano"]
[ECO "C50"]
[NIC "IG.02"]
[Time "15:07:19"]
[TimeControl "900+5"]

1. e4 e5 2. Nf3 Nc6 3. Bc4 Bc5 4. O-O Nge7 5. Nc3 O-O 6. d3 Ng6 7. Bg5 Qe8
8. Qe2 d6 9. Rad1 Bg4 10. h3 Nd4 11. hxg4 Nxe2+ 12. Kh1 Nxc3 13. bxc3 Qa4
14. Bb3 Qa3 15. Bc1 Qa5 16. c4 Rae8 17. Bd2 Qa3 18. Bc1 Qa6 19. c3 Qc6 20.
d4 exd4 21. cxd4 Bb4 22. Rde1 Qd7 23. Re3 Qxg4 24. Kg1 Re6 25. Bb2 Nf4 26.
g3 Nh5 27. Nh2 Qg6 28. Bc2 Qg5 29. Nf3 Qa5 30. a3 Bxa3 31. Bxa3 c5 32. dxc5
dxc5 33. g4 Nf4 34. Rb3 Ne2+ 35. Kg2 Nf4+ 36. Kg3 Qc7 37. Bc1 Ne2+ 38. Kg2
Rh6 39. Bxh6 gxh6 40. e5 f6 41. exf6 Rxf6 42. Re3 Nf4+ 43. Kg1 Qb6 44. Rfe1
Rf8 45. Be4 Nh3+ 46. Kg2 Nf4+ 47. Kg3 a5 48. Ne5 Qd8 49. Nf3 a4 50. Ra1 Qa5
51. Rea3 Qb4 52. Rxa4 Qc3 53. R1a3 Qd4 54. Nxd4 Ne6 55. Nxe6 Rf6 56. Ra8+
Kf7 57. Nd8+ Ke7 58. R3a7 Kd6 59. Rxb7 Ke5 60. Re7+ Kd4 61. Ra1 Kxc4 62.
Rc1+ Kb3 63. Bd5+ Kb2 64. Rxc5 Rb6 65. Rxh7 Rb4 66. Rxh6 Rd4 67. Rb5+ Ka3
68. Ra6+ Ra4 69. Rb3+ Ka2 70. Rxa4# {Black checkmated} 1-0

[Event "ICC tourney 2036 (15 5)"]
[Site "Internet Chess Club"]
[Date "2020.10.03"]
[Round "4"]
[White "yesiwillbeatyou"]
[Black "EmraldOlympian"]
[Result "1-0"]
[ICCResult "Black checkmated"]
[WhiteElo "1589"]
[BlackElo "1431"]
[Opening "Four knights game"]
[ECO "C47"]
[NIC "KP.06"]
[Time "15:08:01"]
[TimeControl "900+5"]

1. e4 e5 2. Nf3 Nc6 3. Nc3 Nf6 4. d3 Bc5 5. Qe2 Ng4 6. Na4 Bxf2+ 7. Kd1 Bb6
8. Nxb6 axb6 9. h3 Nf6 10. Bd2 h6 11. Be3 d6 12. Kd2 Be6 13. b3 d5 14. exd5
Bxd5 15. d4 e4 16. Ne5 Qe7 17. Nxc6 bxc6 18. g3 g6 19. Bg2 h5 20. Rhf1 Nd7
21. Rf2 f5 22. g4 hxg4 23. hxg4 fxg4 24. Qxg4 Bf7 25. Bxe4 Qd6 26. c3 Rh2
27. Bf4 Rxf2+ 28. Ke3 Qe7 29. Bxc7 Rfxa2 30. Rxa2 Rxa2 31. Kd3 Bxb3 32. Bxc6
Ba4 33. Qxg6+ Kf8 34. Qh6+ Qg7 35. Bd6+ Kg8 36. Bd5+ Qf7 37. Qg6+ Kh8 38.
Qxf7 Bb5+ 39. c4 Nc5+ 40. dxc5 Ra3+ 41. Kd4 bxc5+ 42. Kxc5 Rg3 43. Be5+ Rg7
44. Qxg7# {Black checkmated} 1-0

[Event "ICC tourney 2036 (15 5)"]
[Site "Internet Chess Club"]
[Date "2020.10.03"]
[Round "4"]
[White "ArushB"]
[Black "FGMAmaniRapid"]
[Result "0-1"]
[ICCResult "White checkmated"]
[WhiteElo "1196"]
[BlackElo "211"]
[Opening "Giuoco Piano: four knights variation"]
[ECO "C50"]
[NIC "IG.02"]
[Time "15:07:15"]
[TimeControl "900+5"]

1. e4 e5 2. Nf3 Nc6 3. Bc4 Bc5 4. Nc3 Nf6 5. O-O b6 6. d3 Bb7 7. Bg5 O-O 8.
Nd5 Nd4 9. Bxf6 gxf6 10. Nxd4 Bxd4 11. Ne3 Bxb2 12. Rb1 Bd4 13. Nf5 Kh8 14.
Qg4 Rg8 15. Qh5 Bc8 16. Bxf7 Rg5 17. Qf3 Qf8 18. Bd5 c6 19. Bb3 Qe8 20. Qh3
Qg6 21. g3 Rh5 22. Qg2 Bc5 23. h4 d6 24. Ne7 Qg7 25. Nf5 Qd7 26. g4 Rh6 27.
Nxh6 Ba6 28. Rfe1 Qg7 29. Nf5 Qg6 30. h5 Qe8 31. Kh2 Ba3 32. Nxd6 Bxd6 33.
a4 b5 34. axb5 Bxb5 35. Bc4 Bxc4 36. dxc4 Qe6 37. Qf1 Qxg4 38. Qh3 Qf4+ 39.
Qg3 Qh6 40. Rb2 Qxh5+ 41. Qh3 Qg6 42. Reb1 Qxe4 43. Rb7 Qxc2 44. Qxh7+ Qxh7+
45. Rxh7+ Kxh7 46. f3 e4+ 47. Kg2 exf3+ 48. Kxf3 a5 49. Ke4 a4 50. Kd3 a3
51. Kc2 a2 52. Ra1 Be5 53. Rd1 a1=Q 54. Rc1 Qxc1+ 55. Kxc1 Ra4 56. c5 Rc4+
57. Kd2 Rxc5 58. Ke3 Rd5 59. Ke4 Rd1 60. Ke3 c5 61. Ke2 Rd8 62. Ke3 Bf4+ 63.
Kxf4 c4 64. Kf5 c3 65. Kxf6 c2 66. Kg5 c1=Q+ 67. Kf6 Re8 68. Kf7 Qe1 69. Kf6
Qf1+ 70. Kg5 Rg8+ 71. Kh5 Qh1# {White checkmated} 0-1

[Event "ICC tourney 2036 (15 5)"]
[Site "Internet Chess Club"]
[Date "2020.10.03"]
[Round "4"]
[White "mithu542"]
[Black "loosehornet"]
[Result "1-0"]
[ICCResult "Black checkmated"]
[WhiteElo "752"]
[BlackElo "1257"]
[Opening "two knights defense: Bogolyubov variation"]
[ECO "C58"]
[NIC "KP.01"]
[Time "15:08:05"]
[TimeControl "900+5"]

1. e4 e5 2. Nf3 Nc6 3. Bc4 Nf6 4. Ng5 d5 5. exd5 Na5 6. Bb5+ c6 7. dxc6 bxc6
8. Qf3 Nd5 9. Be2 Qxg5 10. Nc3 Nxc3 11. d4 e4 12. Qe3 Qxg2 13. Rf1 Nxe2 14.
Qxe2 Bg4 15. Qe3 Qf3 16. Qxf3 Bxf3 17. Bf4 Bg2 18. Rg1 Bf3 19. Rg5 Nc4 20.
Rg3 Nxb2 21. Rb1 Bb4+ 22. Kf1 Rb8 23. Rxb2 Rb5 24. Rb3 Bd6 25. Bxd6 Rxb3 26.
axb3 Kd7 27. Be5 f6 28. Rxg7+ Ke8 29. Bxf6 Kf8 30. Rxa7 Rg8 31. Ra8+ Kf7 32.
Rxg8 Kxg8 33. Ke1 Kf7 34. Bg5 Kg6 35. Be3 h5 36. b4 Bg4 37. b5 cxb5 38. d5
b4 39. d6 h4 40. Bd4 h3 41. Kd2 Kf7 42. Ke3 Bf5 43. Kf4 Bd7 44. Kxe4 Ke6 45.
Be5 Kf7 46. Bd4 Ke6 47. Bc5 Kf7 48. Bxb4 Kg6 49. Kd5 Kf7 50. Kc5 Ke8 51. Kb6
Bf5 52. Kc7 Bd7 53. Kb7 Ba4 54. c4 Bd7 55. f4 Be6 56. c5 Bd7 57. c6 Kd8 58.
c7+ Ke8 59. c8=Q+ Bxc8+ 60. Kxc8 Kf7 61. d7 Ke6 62. d8=Q Kf5 63. Qd4 Ke6 64.
Kd8 Kf5 65. Qe5+ Kg4 66. Qe3 Kf5 67. Qxh3+ Kxf4 68. Qd3 Ke5 69. Qf3 Kd4 70.
h4 Kc4 71. h5 Kxb4 72. h6 Kc4 73. h7 Kd4 74. h8=Q+ Kc5 75. Qh4 Kb5 76. Qf5+
Kc6 77. Kc8 Kd6 78. Qh6+ Ke7 79. Qa5 Kf7 80. Qa7+ Kg8 81. Qd6 Kh8 82. Qd8#
{Black checkmated}
1-0

[Event "ICC tourney 2036 (15 5)"]
[Site "Internet Chess Club"]
[Date "2020.10.03"]
[Round "4"]
[White "meawesome123"]
[Black "Bigbusyracecar"]
[Result "1-0"]
[ICCResult "Black checkmated"]
[WhiteElo "1223"]
[BlackElo "1286"]
[Opening "Sicilian"]
[ECO "B50"]
[NIC "SI.01"]
[Time "15:07:17"]
[TimeControl "900+5"]

1. e4 c5 2. Nf3 d6 3. Bc4 e6 4. O-O Nf6 5. d3 d5 6. Bb5+ Bd7 7. Bxd7+ Nbxd7
8. Bf4 dxe4 9. dxe4 Nxe4 10. Nc3 Nxc3 11. bxc3 Be7 12. Bd6 Bxd6 13. Qxd6 Qe7
14. Qc7 b6 15. Qb7 O-O 16. Qe4 f5 17. Qd3 e5 18. Qc4+ Kh8 19. Rfe1 Rfe8 20.
Qh4 Qxh4 21. Nxh4 g6 22. Nf3 Rac8 23. h4 Rc6 24. Rad1 Rc7 25. Kh2 e4 26. Ng5
Kg8 27. Kg3 h6 28. Nh3 Nf6 29. Nf4 Nh5+ 30. Nxh5 gxh5 31. f3 Rce7 32. Re3
exf3 33. Rxe7 Rxe7 34. Rd8+ Kf7 35. gxf3 Kf6 36. Rd6+ Kg7 37. Rd2 Rf7 38.
Kf4 Kf8 39. Rd8+ Ke7 40. Rh8 Rf6 41. Rh7+ Rf7 42. Rxh6 Rf6 43. Rxh5 Ke6 44.
Kg5 Ke5 45. f4+ Ke6 46. Rh6 Rxh6 47. Kxh6 Kf6 48. h5 Kf7 49. Kg5 Kg7 50.
Kxf5 Kh6 51. Kg4 Kg7 52. Kg5 Kh7 53. f5 Kg7 54. h6+ Kg8 55. Kg6 Kh8 56. h7
c4 57. f6 b5 58. f7 b4 59. f8=R# {Black checkmated} 1-0

[Event "ICC tourney 2036 (15 5)"]
[Site "Internet Chess Club"]
[Date "2020.10.03"]
[Round "4"]
[White "Deng20"]
[Black "smalugu"]
[Result "1-0"]
[ICCResult "Black checkmated"]
[WhiteElo "1396"]
[BlackElo "1508"]
[Opening "Ruy Lopez: Berlin defense, Beverwijk variation"]
[ECO "C64"]
[NIC "RL.01"]
[Time "15:07:27"]
[TimeControl "900+5"]

1. e4 e5 2. Nf3 Nc6 3. Bb5 Bc5 4. O-O Nf6 5. Nc3 d6 6. d3 Bg4 7. Be3 Bxe3 8.
fxe3 O-O 9. h3 Be6 10. d4 Ne7 11. dxe5 dxe5 12. Qxd8 Rfxd8 13. Nxe5 a6 14.
Bd3 b5 15. b4 a5 16. bxa5 Rxa5 17. Bxb5 Rd2 18. Rfc1 c6 19. Nxc6 Nxc6 20.
Bxc6 Rc5 21. Nd5 Bxd5 22. exd5 Nxd5 23. Bxd5 Rcxd5 24. Re1 Re5 25. a4 Rd8
26. a5 Ra8 27. c4 Rexa5 28. Rxa5 Rxa5 29. Rc1 Rc5 30. Kf2 Kf8 31. Ke2 Ke7
32. Kd3 Kd6 33. Kd4 f5 34. Rb1 Rc6 35. Rb5 g6 36. c5+ Kc7 37. Kd5 g5 38. Ke5
Kd7 39. Kxf5 h6 40. e4 Ra6 41. e5 Ke7 42. Rb7+ Kd8 43. e6 Ke8 44. e7 Ra5 45.
Rc7 Kf7 46. Ke5 Ra6 47. c6 Ra5+ 48. Kd6 Ra8 49. Rd7 Ke8 50. c7 Ra6+ 51. Kd5
Ra5+ 52. Ke6 Ra6+ 53. Rd6 Rxd6+ 54. Kxd6 Kf7 55. c8=Q Kf6 56. Qf8+ Kg6 57.
e8=Q+ Kh7 58. Qef7# {Black checkmated} 1-0

[Event "ICC tourney 2036 (15 5)"]
[Site "Internet Chess Club"]
[Date "2020.10.03"]
[Round "5"]
[White "Shenan"]
[Black "NashtheFlash"]
[Result "0-1"]
[ICCResult "White checkmated"]
[WhiteElo "1107"]
[BlackElo "1255"]
[Opening "Queen's pawn game, Chigorin variation"]
[ECO "D02"]
[NIC "QP.08"]
[Time "16:04:46"]
[TimeControl "900+5"]

1. d4 d5 2. Nf3 Nc6 3. Nc3 Nf6 4. Bg5 h6 5. Bh4 Bf5 6. e4 dxe4 7. Ne5 Nxd4
8. Qxd4 Qxd4 9. Bg3 Rd8 10. Rd1 Qb4 11. a3 Qxb2 12. Rd2 Qxc3 13. Ke2 Qxd2#
{White checkmated}
0-1

[Event "ICC tourney 2036 (15 5)"]
[Site "Internet Chess Club"]
[Date "2020.10.03"]
[Round "5"]
[White "FGMAmaniRapid"]
[Black "meawesome123"]
[Result "0-1"]
[ICCResult "White checkmated"]
[WhiteElo "231"]
[BlackElo "1168"]
[Opening "Two knights defense"]
[ECO "C57"]
[NIC "KP.01"]
[Time "16:04:59"]
[TimeControl "900+5"]

1. e4 e5 2. Nf3 Nc6 3. Bc4 Nf6 4. Ng5 d5 5. exd5 Nxd5 6. Qf3 Qxg5 7. Bxd5
Qf6 8. Qg3 Nb4 9. Bc4 Nxc2+ 10. Kf1 Nxa1 11. Qd3 Bc5 12. Nc3 Qxf2#
{White checkmated}
0-1

[Event "ICC tourney 2036 (15 5)"]
[Site "Internet Chess Club"]
[Date "2020.10.03"]
[Round "5"]
[White "RyanD"]
[Black "Rosalina2013"]
[Result "1-0"]
[ICCResult "Black checkmated"]
[WhiteElo "1169"]
[BlackElo "1090"]
[Opening "Giuoco Pianissimo"]
[ECO "C24"]
[NIC "IG.04"]
[Time "16:04:54"]
[TimeControl "900+5"]

1. e4 e5 2. Bc4 Nf6 3. d3 Nc6 4. Nf3 Bc5 5. O-O d6 6. b3 O-O 7. Nc3 Nxe4 8.
dxe4 Qf6 9. Bg5 Qg6 10. Qd5 h6 11. Bh4 Bh3 12. Bg3 Nd4 13. Nxd4 exd4 14. Nb5
d3 15. Qxd3 Rae8 16. Nxc7 Re5 17. Rae1 Rh5 18. e5 dxe5 19. Qd5 Qg4 20. Qf3
Qg5 21. Rxe5 Qg6 22. Rxh5 Bxf2+ 23. Rxf2 Re8 24. Nxe8 Qe6 25. Bxe6 fxe6 26.
Qf8+ Kh7 27. Qxg7# {Black checkmated} 1-0

[Event "ICC tourney 2036 (15 5)"]
[Site "Internet Chess Club"]
[Date "2020.10.03"]
[Round "5"]
[White "soumyatejachess"]
[Black "Cutecaptain"]
[Result "0-1"]
[ICCResult "White checkmated"]
[WhiteElo "1321"]
[BlackElo "1343"]
[Opening "Réti opening"]
[ECO "A06"]
[NIC "QP.09"]
[Time "16:04:41"]
[TimeControl "900+5"]

1. Nf3 d5 2. Nc3 Nf6 3. d4 Bg4 4. h3 Bh5 5. Bf4 a6 6. e3 e6 7. Be2 Bb4 8.
Qd2 Ne4 9. Qd3 Bg6 10. Qd1 Nxc3 11. bxc3 Bxc3+ 12. Nd2 Bxa1 13. Qxa1 Bxc2
14. Qc3 Bg6 15. Bxc7 Qd7 16. Bxb8 Rxb8 17. O-O Rc8 18. Qb4 Rc2 19. Bf3 Rxa2
20. Nb3 Bd3 21. Rd1 Bc2 22. Rd2 Ra4 23. Qc3 Rc4 24. Qb2 Bg6 25. Nc5 Rxc5 26.
dxc5 O-O 27. Qd4 Rc8 28. e4 b6 29. cxb6 Rc1+ 30. Kh2 Qd6+ 31. g3 Qa3 32. Bg4
h5 33. Be2 Bxe4 34. b7 Rh1# {White checkmated} 0-1

[Event "ICC tourney 2036 (15 5)"]
[Site "Internet Chess Club"]
[Date "2020.10.03"]
[Round "5"]
[White "loosehornet"]
[Black "bunnygambit2"]
[Result "1-0"]
[ICCResult "Black checkmated"]
[WhiteElo "1263"]
[BlackElo "953"]
[Opening "Giuoco Piano"]
[ECO "C50"]
[NIC "IG.02"]
[Time "16:04:40"]
[TimeControl "900+5"]

1. e4 e5 2. Nf3 Nc6 3. Bc4 Bc5 4. Ng5 Qxg5 5. d4 Bxd4 6. Bxg5 Nf6 7. c3 Bc5
8. Qb3 Na5 9. Bxf7+ Kd8 10. Qb5 Nc6 11. Qxc5 d6 12. Bxf6+ gxf6 13. Qe3 Rf8
14. Bd5 Ne7 15. Qh6 Bg4 16. Qxf8+ Kd7 17. Qxa8 c6 18. Qxb7+ Ke8 19. Bxc6+
Kf7 20. Qb3+ Kg6 21. Be8+ Kg7 22. Qf7+ Kh6 23. f3 Bh5 24. Qxh5+ Kg7 25. Qf7+
Kh6 26. Qxe7 Kg5 27. h4+ Kf4 28. Qxf6+ Ke3 29. Qg5+ Kd3 30. Qd2+ Kc4 31.
Qd5# {Black checkmated} 1-0

[Event "ICC tourney 2036 (15 5)"]
[Site "Internet Chess Club"]
[Date "2020.10.03"]
[Round "5"]
[White "hollydood"]
[Black "EmraldOlympian"]
[Result "1-0"]
[ICCResult "Black checkmated"]
[WhiteElo "1524"]
[BlackElo "1379"]
[Opening "Bishop's opening: Berlin defense"]
[ECO "C24"]
[NIC "IG.04"]
[Time "16:04:54"]
[TimeControl "900+5"]

1. e4 e5 2. Bc4 Nf6 3. d3 Bc5 4. Nf3 d6 5. O-O O-O 6. Nc3 Nc6 7. Bg5 Nb8 8.
Nd5 Nbd7 9. b4 Bb6 10. a4 a5 11. b5 Ba7 12. d4 exd4 13. Nxd4 c5 14. bxc6
bxc6 15. Nxc6 Qc7 16. Nxc7 Bb7 17. Nxa8 Bxc6 18. Bxf6 Nxf6 19. Qxd6 Bxa8 20.
e5 Ne8 21. Qa6 Bd4 22. Rad1 Nc7 23. Qxa5 Bxe5 24. Qxe5 Ne6 25. Bxe6 fxe6 26.
Qxe6+ Kh8 27. Rfe1 h6 28. c4 Rg8 29. c5 Bb7 30. c6 Bc8 31. Qxg8+ Kxg8 32.
Rd8+ Kf7 33. Rxc8 g5 34. Rh8 Kg7 35. c7 Kxh8 36. c8=Q+ Kg7 37. Qe6 h5 38.
Qe7+ Kg6 39. Re6+ Kf5 40. Qf6+ Kg4 41. f3+ Kh4 42. g3+ Kh3 43. Qf5+ g4 44.
Qxh5# {Black checkmated} 1-0

[Event "ICC tourney 2036 (15 5)"]
[Site "Internet Chess Club"]
[Date "2020.10.03"]
[Round "5"]
[White "dany-rivera"]
[Black "buddyram"]
[Result "1-0"]
[ICCResult "Black checkmated"]
[WhiteElo "1390"]
[BlackElo "1299"]
[Opening "Evans gambit"]
[ECO "C51"]
[NIC "IG.05"]
[Time "16:04:46"]
[TimeControl "900+5"]

1. e4 e5 2. Nf3 Nc6 3. Bc4 Bc5 4. b4 Bxb4 5. c3 Bc5 6. d4 exd4 7. O-O dxc3
8. Bxf7+ Kxf7 9. Qd5+ Ke8 10. Qxc5 Nf6 11. Qxc3 Nxe4 12. Re1 d5 13. Qxg7 Rf8
14. Ng5 Rxf2 15. Nxe4 dxe4 16. Rxe4+ Ne7 17. Kxf2 Bf5 18. Qg8+ Kd7 19. Rd4+
Kc6 20. Qc4+ Kb6 21. Rxd8 Rxd8 22. Be3+ Ka5 23. Qc5+ Ka6 24. Qxe7 Rd1 25.
Qa3+ Kb5 26. Qb3+ Ka6 27. Qa4# {Black checkmated} 1-0